 Dungeon Crawl Stone Soup version 0.19.5 (webtiles) character file.

820 pps the Ducker (level 7, -2/35 HPs)
             Began as a Spriggan Artificer on Mar 22, 2017.
             Was an Initiate of Sif Muna.
             Slain by a centaur (7 damage)
             ... on level 5 of the Dungeon.
             The game lasted 00:34:08 (5148 turns).

pps the Ducker (Spriggan Artificer)                 Turns: 5148, Time: 00:34:09

Health: -2/35      AC:  3    Str: 10    XL:     7   Next: 63%
Magic:  11/11      EV: 22    Int: 12    God:    Sif Muna [......]
Gold:   215        SH:  6    Dex: 17    Spells: 0 memorised, 6 levels left

rFire  . . .     SeeInvis +     k - +1 war axe (elec)
rCold  + . .     Gourm    .     L - +1 robe {rC+}
rNeg   . . .     Faith    .     I - +0 buckler
rPois  .         Spirit   .     (helmet restricted)
rElec  .         Reflect  .     (no cloak)
rCorr  .         Harm     .     (gloves unavailable)
MR     +....                    (boots unavailable)
Stlth  +++++.....               (no amulet)
                                v - ring of flight
                                i - ring of stealth

@: lethally poisoned (-2 -> -4), very quick
A: unfitting armour, see invisible, herbivore 3, speed 3, slow metabolism 2
a: Renounce Religion, Evoke Flight


You were on level 5 of the Dungeon.
You worshipped Sif Muna.
Sif Muna was noncommittal.
You were hungry.

You visited 2 branches of the dungeon, and saw 6 of its levels.

You collected 215 gold pieces.

Inventory:

Hand Weapons
 a - a +0 short sword
 k - a +1 war axe of electrocution (weapon)
 p - a +1 dagger of electrocution
 u - a +0 whip
 B - a +2 spear of piercing
 C - a +0 whip
 D - a +0 blowgun
 H - a +0 spear
Missiles
 h - 78 stones (quivered)
 q - 43 bolts
 w - 102 arrows
 E - 29 poisoned needles
 K - 4 poisoned tomahawks
 P - 5 tomahawks
Armour
 b - a +0 robe
 I - a +0 buckler (worn)
 L - a +1 robe of cold resistance (worn)
Jewellery
 i - a ring of stealth (left hand)
 l - a cursed amulet of inaccuracy
 v - a ring of flight (right hand)
 z - a +2 ring of dexterity {unknown}
 F - a cursed amulet of inaccuracy
 G - an uncursed ring of ice {unknown}
 M - an uncursed ring of stealth
Wands
 c - a wand of flame (15/48)
 d - a wand of enslavement (15/24)
 e - a wand of random effects (15/48)
Scrolls
 j - a scroll of magic mapping {unknown}
 m - 4 scrolls of identify
 o - 2 scrolls of teleportation {unknown}
 r - 2 scrolls of remove curse
 t - 2 scrolls of recharging {unknown}
 y - 2 scrolls of fog {unknown}
 J - a scroll of random uselessness {unknown}
Potions
 g - 2 potions of curing {unknown}
 n - a potion of agility
 N - a potion of flight {unknown}
 O - a potion of magic {unknown}
Comestibles
 f - 2 bread rations
 s - 2 royal jellies
 x - a meat ration
 A - 2 slices of pizza


   Skills:
 + Level 2.0 Fighting
 + Level 4.3 Short Blades
 + Level 0.1 Axes
 + Level 1.4 Throwing
 + Level 7.3 Dodging
 + Level 6.8 Stealth
 + Level 0.8 Shields
 + Level 4.8 Evocations


You had 6 spell levels left.
You didn't know any spells.

Dungeon Overview and Level Annotations

Branches:
Dungeon (5/15)             Temple (1/1) D:4

Altars:
Dithmenos
Elyvilon
Fedhas
Gozag
Hepliaklqana
Kikubaaqudgha
Nemelex Xobeh
Qazlal
Sif Muna
Uskayaw
Yredelemnul
Zin
The Shining One


Innate Abilities, Weirdness & Mutations

You are very small and have problems with some larger weapons.
You are too small for most types of armour.
You have supernaturally acute eyesight. (SInv)
You are a herbivore.
You cover ground extremely quickly.
You need consume almost no food.


Message History

You feel sick.
The centaur shoots an arrow.
The arrow completely misses you.
The centaur shoots an arrow.
You block the arrow.
You see here an arrow.
You feel sick.
The centaur shoots an arrow.
The arrow completely misses you.
You feel sick.
You feel sick.
The centaur shoots an arrow.
The arrow completely misses you.
The centaur unwields an uncursed shortbow of freezing.
The centaur completely misses you.
You see here an arrow.
You hit the centaur.
The centaur is moderately wounded.
You feel sick. You block the centaur's attack. The centaur closely misses you.
You barely miss the centaur.
The centaur is moderately wounded.
The centaur hits you.
* * * LOW HITPOINT WARNING * * *
The centaur hits you!
You die...

#.....#.#.# #
#####'###.##.#.#.
#?..........c...
#..[..(†.##.#
#....†..##
######......#
.......(.####
##########(.#
..(.....@c..#
##########.## #.#
#.# #.# #.# ...
.#


You could see a centaur.

Vanquished Creatures
  A sky beast (D:5)
  An ogre (D:4)
  The ghost of Lucio the Chiller, an amateur MfIE (D:3)
  A howler monkey (D:5)
  2 hounds (D:4)
  An iguana (D:4)
  Jessica (D:2)
  4 orc wizards (D:4)
  Natasha (thrice) (D:2)
  2 worker ants
  A hound skeleton (D:5)
  3 adders
  4 gnolls (D:2)
  An adder skeleton (D:4)
  3 worms
  4 dart slugs
  A leopard gecko (D:3)
  16 orcs
  4 giant cockroaches
  6 goblins
  2 hobgoblins (D:1)
  12 jackals
  A ball python (D:1)
  A ball python skeleton (D:4)
  A bat (D:2)
  12 frilled lizards
  3 kobolds
  A quokka skeleton (D:4)
  5 rats
98 creatures vanquished.

Notes
Turn   | Place    | Note
-------+----------+-------------------------------------------
     0 | D:1      | pps the Spriggan Artificer began the quest for the Orb.
     0 | D:1      | Reached XP level 1. HP: 9/9 MP: 4/4
   195 | D:1      | Reached XP level 2. HP: 9/14 MP: 6/6
   767 | D:2      | Reached XP level 3. HP: 17/17 MP: 7/7
   778 | D:2      | Noticed Natasha
   783 | D:2      | Killed Natasha
   783 | D:2      | Reached skill level 1 in Fighting
   835 | D:2      | Noticed Jessica
   847 | D:2      | Killed Jessica
   847 | D:2      | Reached skill level 4 in Dodging
   847 | D:2      | Reached XP level 4. HP: 15/22 MP: 8/8
  1062 | D:2      | Noticed Natasha
  1066 | D:2      | Killed Natasha
  1141 | D:2      | Reached XP level 5. HP: 7/25 MP: 9/9
  1184 | D:2      | Noticed Natasha
  1386 | D:2      | Killed Natasha
  2143 | D:3      | Found a glowing golden altar of the Shining One.
  2143 | D:3      | Found a white marble altar of Elyvilon.
  2143 | D:3      | Found a glowing silver altar of Zin.
  2280 | D:3      | Reached skill level 5 in Stealth
  2650 | D:3      | Noticed Lucio's ghost (amateur MfIE)
  2666 | D:3      | HP: 1/25 [Lucio's ghost (9)]
  2708 | D:3      | Killed Lucio's ghost
  2708 | D:3      | Reached XP level 6. HP: 14/30 MP: 10/10
  2839 | D:3      | Reached skill level 5 in Dodging
  2997 | D:4      | Found a staircase to the Ecumenical Temple.
  3037 | Temple   | Entered the Ecumenical Temple
  3077 | Temple   | Became a worshipper of Sif Muna the Loreminder
  3752 | D:4      | Reached skill level 1 in Throwing
  3763 | D:4      | Reached XP level 7. HP: 25/34 MP: 11/11
  3903 | D:4      | Reached skill level 6 in Dodging
  4650 | D:5      | Entered Level 5 of the Dungeon
  4653 | D:5      | Found a sparkling altar of Nemelex Xobeh.
  5033 | D:5      | Reached skill level 7 in Dodging
  5148 | D:5      | Slain by a centaur

Skill      XL: |  1  2  3  4  5  6  7 |
---------------+----------------------+-----
Stealth        | 2 3 4 5 6 |  6.8
Fighting       | 1 2 |  2.0
Short Blades   | 2 3 4 |  4.3
Dodging        | 4 5 7 |  7.3
Throwing       | 1 |  1.4
Axes           | |  0.1
Shields        | |  0.8
Evocations     | |  4.8

Action                   |  1- 3 |  4- 6 |  7- 9 || total
-------------------------+-------+-------+-------++-------
Melee: Short sword       |    66 |       |       ||    66
       Dagger            |    30 |   182 |   115 ||   327
       War axe           |       |       |     9 ||     9
Throw: Stone             |       |     9 |     7 ||    16
  Use: Scroll            |     2 |     1 |     1 ||     4
       Potion            |       |     3 |     4 ||     7
 Stab: Sleeping          |     6 |     2 |     2 ||    10
       Distracted        |     1 |     1 |     1 ||     3
  Eat: Pizza             |       |       |     1 ||     1
Armor: Robe              |     9 |     5 |     5 ||    19
Dodge: Dodged            |    57 |   140 |    77 ||   274
Block: Buckler           |       |     2 |    23 ||    25
